[Event "Haarlemse Meesters 2019"]
[Site "Haarlem"]
[Date "2019.10.22"]
[Round "4.4"]
[White "Tondivar, Babak"]
[Black "De Strycker, Nathan"]
[Result "1-0"]
[ECO "A09"]
[WhiteElo "2324"]
[BlackElo "2302"]
[Annotator "RC"]
[PlyCount "45"]
[EventDate "2019.10.19"]
[EventType "tourn"]
[EventCountry "NED"]
[SourceTitle "playchess.com"]
[Source "ChessBase"]
[SourceQuality "1"]
[TimeControl "40/5400+30:1800+30"]

1. g3 d5 2. Nf3 g6 3. Bg2 Bg7 4. c4 d4 5. d3 e5 6. b4 Ne7 7. O-O O-O 8. a4 a5 9. b5 c5 10. Ra2 h6 11. e3 Nd7 12. exd4 exd4 13. Re1 g5 14. h4 g4 15. Nfd2 f5 16. Nb3 Ng6 17. h5 Nge5 18. Bf4 Nf7 19. Rae2 Ra7 20. b6 Qxb6 21. Na3 Qb4 22. Nb5 Ra6 23. Ra2 1-0

[Event "Haarlemse Meesters 2019"]
[Site "Haarlem"]
[Date "2019.10.23"]
[Round "5.1"]
[White "De Strycker, Nathan"]
[Black "Lopez, Jasel"]
[Result "1/2-1/2"]
[ECO "D32"]
[WhiteElo "2302"]
[BlackElo "2409"]
[Annotator "ChessBase"]
[PlyCount "111"]
[EventDate "2019.10.19"]
[EventType "tourn"]
[EventCountry "NED"]
[SourceTitle "playchess.com"]
[Source "ChessBase"]
[SourceQuality "1"]
[TimeControl "40/5400+30:1800+30"]

1. Nf3 d5 2. e3 Nf6 3. d4 e6 4. c4 Be7 5. Nc3 O-O 6. Be2 c5 7. cxd5 exd5 8. dxc5 Bxc5 9. O-O a6 10. Nd4 Nc6 11. Nxc6 bxc6 12. b3 Qd6 13. Bb2 Bb6 14. Bf3 Re8 15. Re1 Bf5 16. Ne2 Ne4 17. Bxe4 Bxe4 18. Ng3 Bg6 19. Qg4 Bc7 20. Bxg7 Qe6 21. Qxe6 fxe6 22. Bb2 Bxg3 23. hxg3 a5 24. Rac1 Ra6 25. Be5 Re7 26. Rc5 Rb7 27. Rec1 Be8 28. Bc3 Rb5 29. Bd2 a4 30. b4 Rxc5 31. Rxc5 Bg6 32. a3 Bd3 33. g4 Bc4 34. Kh2 Kf7 35. Kg3 e5 36. e4 Ke6 37. exd5+ cxd5 38. Rc7 Bd3 39. f4 exf4+ 40. Bxf4 Kf6 41. Be3 Ke5 42. Re7+ Kd6 43. Bc5+ Kc6 44. Kf4 Kb5 45. Ke3 Kc4 46. Bd4 Bf1 47. b5 Kxb5 48. Rb7+ Kc6 49. Rxh7 Bxg2 50. g5 Be4 51. Rf7 Kb5 52. Rb7+ Kc6 53. Rb4 Kd6 54. Kf4 Ke6 55. Rb7 Rc6 56. Rb6 1/2-1/2

[Event "Haarlemse Meesters 2019"]
[Site "Haarlem"]
[Date "2019.10.23"]
[Round "5.2"]
[White "Welling, Gerard"]
[Black "Moucheroud, Jeremy"]
[Result "1/2-1/2"]
[ECO "D05"]
[WhiteElo "2302"]
[BlackElo "2294"]
[Annotator "ChessBase"]
[PlyCount "82"]
[EventDate "2019.10.19"]
[EventType "tourn"]
[EventCountry "NED"]
[SourceTitle "playchess.com"]
[Source "ChessBase"]
[SourceQuality "1"]
[TimeControl "40/5400+30:1800+30"]

1. d4 d5 2. Nf3 Nf6 3. e3 e6 4. Bd3 c5 5. c3 Be7 6. O-O O-O 7. Nbd2 b6 8. Ne5 Bb7 9. b3 Nbd7 10. f4 Ne4 11. Bb2 f5 12. Ndf3 Nxe5 13. Nxe5 Bd6 14. Qe2 Qe7 15. c4 Rac8 16. Rad1 Rfd8 17. cxd5 Bxd5 18. Nc4 Bb8 19. Bxe4 Bxe4 20. dxc5 Qxc5 21. Rxd8+ Rxd8 22. Rd1 Rxd1+ 23. Qxd1 Qd5 24. Qxd5 Bxd5 25. Be5 Bxe5 26. Nxe5 Kf8 27. g4 Ke7 28. g5 Kd6 29. h4 Be4 30. b4 Kd5 31. Kf2 Bc2 32. Ke2 Ba4 33. h5 Be8 34. h6 gxh6 35. gxh6 Ke4 36. Kd2 Kd5 37. a3 Ke4 38. Ke2 Bh5+ 39. Kd2 Be8 40. Ke2 Bh5+ 41. Kd2 Be8 1/2-1/2

[Event "Haarlemse Meesters 2019"]
[Site "Haarlem"]
[Date "2019.10.23"]
[Round "5.3"]
[White "Gijswijt, Bart"]
[Black "Hainke, Guntram"]
[Result "1/2-1/2"]
[ECO "D11"]
[WhiteElo "2387"]
[BlackElo "2365"]
[Annotator "ChessBase"]
[PlyCount "101"]
[EventDate "2019.10.19"]
[EventType "tourn"]
[EventCountry "NED"]
[SourceTitle "playchess.com"]
[Source "ChessBase"]
[SourceQuality "1"]
[TimeControl "40/5400+30:1800+30"]

1. d4 d5 2. c4 c6 3. Nf3 Nf6 4. e3 Bg4 5. h3 Bh5 6. g4 Bg6 7. Ne5 Bxb1 8. Rxb1 e6 9. Qb3 Qb6 10. Qc2 Bb4+ 11. Ke2 Be7 12. c5 Qc7 13. Bg2 Nfd7 14. Nd3 O-O 15. e4 dxe4 16. Bxe4 Nf6 17. Bf3 Nd5 18. Bxd5 exd5 19. Bf4 Qc8 20. Kf3 Nd7 21. Rhe1 Re8 22. Kg2 Nf8 23. Ne5 Ne6 24. Qf5 Bf6 25. Rbd1 Nf8 26. Qd3 Ne6 27. Qf5 Nf8 28. Qd3 Ne6 29. Bg3 Bxe5 30. Rxe5 Qd7 31. Rde1 Re7 32. Rh5 g6 33. Rhe5 f6 34. R5e3 Ree8 35. Rf3 Kf7 36. Bh4 Nf4+ 37. Rxf4 Rxe1 38. Rxf6+ Kg8 39. Qf3 Rae8 40. Rd6 Qg7 41. Bf6 Qf7 42. g5 R1e4 43. Qg3 Rf8 44. h4 Re6 45. Qg4 Rfe8 46. b4 b6 47. Qg3 bxc5 48. bxc5 Rxd6 49. cxd6 Qd7 50. Be7 Rxe7 51. dxe7 1/2-1/2

[Event "Haarlemse Meesters 2019"]
[Site "Haarlem"]
[Date "2019.10.23"]
[Round "5.4"]
[White "De Ruiter, Danny"]
[Black "Lahaye, Rick"]
[Result "1-0"]
[ECO "E18"]
[WhiteElo "2268"]
[BlackElo "2414"]
[Annotator "ChessBase"]
[PlyCount "111"]
[EventDate "2019.10.19"]
[EventType "tourn"]
[EventCountry "NED"]
[SourceTitle "playchess.com"]
[Source "ChessBase"]
[SourceQuality "1"]
[TimeControl "40/5400+30:1800+30"]

1. d4 Nf6 2. c4 e6 3. Nf3 b6 4. g3 Bb7 5. Bg2 Be7 6. O-O O-O 7. Nc3 Ne4 8. Qc2 f5 9. Bd2 Bf6 10. Rad1 d6 11. d5 Bxc3 12. Bxc3 e5 13. Nd2 Nxc3 14. Qxc3 a5 15. f4 Nd7 16. Bh3 Bc8 17. e4 exf4 18. Rxf4 fxe4 19. Be6+ Kh8 20. Rdf1 Rxf4 21. Rxf4 Ne5 22. Bxc8 Rxc8 23. Rxe4 Qf6 24. Kg2 Qf5 25. Qe3 g5 26. Qf2 Qg6 27. Re1 Kg8 28. Rf1 Re8 29. Qf5 Nd3 30. Qxg6+ hxg6 31. Nf3 g4 32. Nd4 Re4 33. Ne6 Re2+ 34. Kg1 Ne5 35. Rf8+ Kh7 36. Rf2 Re1+ 37. Rf1 Re2 38. Rf2 Re1+ 39. Rf1 Rxf1+ 40. Kxf1 Nxc4 41. Nxc7 Nxb2 42. Ke2 Nc4 43. Kd3 Ne5+ 44. Kc3 g5 45. Ne8 Kg6 46. Nxd6 Kf6 47. Nc4 b5 48. Nxa5 Nf3 49. Nc6 Nxh2 50. Kd4 Nf1 51. Ne5 Kf5 52. d6 Ke6 53. d7 Ke7 54. Kc5 Nxg3 55. Kc6 Ne2 56. Kc7 1-0

[Event "Haarlemse Meesters 2019"]
[Site "Haarlem"]
[Date "2019.10.23"]
[Round "5.5"]
[White "Peelen, Piet"]
[Black "Tondivar, Babak"]
[Result "1/2-1/2"]
[ECO "E05"]
[WhiteElo "2348"]
[BlackElo "2324"]
[Annotator "ChessBase"]
[PlyCount "86"]
[EventDate "2019.10.19"]
[EventType "tourn"]
[EventCountry "NED"]
[SourceTitle "playchess.com"]
[Source "ChessBase"]
[SourceQuality "1"]
[TimeControl "40/5400+30:1800+30"]

1. Nf3 Nf6 2. c4 e6 3. g3 d5 4. Bg2 Be7 5. d4 O-O 6. O-O dxc4 7. Qc2 a6 8. Qxc4 b5 9. Qc2 Bb7 10. Bg5 Nbd7 11. Bxf6 Nxf6 12. Nbd2 Rc8 13. Nb3 c5 14. dxc5 Ne4 15. Rfd1 Qc7 16. c6 Qxc6 17. Qxc6 Bxc6 18. Ne5 Bd5 19. Nd7 Rfe8 20. Nb6 Rc2 21. Nxd5 exd5 22. Rxd5 Bf6 23. Rc1 Rxc1+ 24. Nxc1 Bxb2 25. Bxe4 Bxc1 26. Rd7 Kf8 27. Bc6 Re6 28. Rc7 Bb2 29. Bd5 Rxe2 30. Rxf7+ Ke8 31. Ra7 Bd4 32. Bc6+ Kf8 33. Ra8+ Kf7 34. Rxa6 Rxf2 35. Kh1 b4 36. Be4 h6 37. Rc6 Rb2 38. Rd6 Bc3 39. Rc6 Ke7 40. Bd5 Kd7 41. Ra6 Ke7 42. Re6+ Kd7 43. Ra6 Ke7 1/2-1/2

[Event "Haarlemse Meesters 2019"]
[Site "Haarlem"]
[Date "2019.10.24"]
[Round "6.1"]
[White "Moucheroud, Jeremy"]
[Black "De Strycker, Nathan"]
[Result "1/2-1/2"]
[ECO "C03"]
[WhiteElo "2294"]
[BlackElo "2302"]
[Annotator "NA RC"]
[PlyCount "29"]
[EventDate "2019.10.19"]
[EventType "tourn"]
[EventCountry "NED"]
[SourceTitle "playchess.com"]
[Source "ChessBase"]
[SourceQuality "1"]
[TimeControl "40/5400+30:1800+30"]

1. e4 e6 2. d4 d5 3. Nd2 Be7 4. Ngf3 Nf6 5. e5 Nfd7 6. Bd3 c5 7. c3 b6 8. O-O Ba6 9. Ne1 Bxd3 10. Nxd3 Nc6 11. Qg4 g6 12. Nf3 h5 13. Qg3 c4 14. Nde1 $11 b5 15. Nc2 1/2-1/2

[Event "Haarlemse Meesters 2019"]
[Site "Haarlem"]
[Date "2019.10.24"]
[Round "6.2"]
[White "Lopez, Jasel"]
[Black "Peelen, Piet"]
[Result "1-0"]
[ECO "D85"]
[WhiteElo "2409"]
[BlackElo "2348"]
[Annotator "NA"]
[PlyCount "155"]
[EventDate "2019.10.19"]
[EventType "tourn"]
[EventCountry "NED"]
[SourceTitle "playchess.com"]
[Source "ChessBase"]
[SourceQuality "1"]
[TimeControl "40/5400+30:1800+30"]

1. d4 Nf6 2. c4 g6 3. Nc3 Bg7 4. Nf3 d5 5. cxd5 Nxd5 6. e4 Nxc3 7. bxc3 c5 8. Be3 Qa5 9. Qd2 Nc6 10. Rc1 cxd4 11. cxd4 Qxd2+ 12. Kxd2 O-O 13. d5 Rd8 14. Ke1 Nb4 15. Bd2 Na6 16. Bg5 Kf8 $11 17. Bxa6 bxa6 18. Ke2 h6 19. Bf4 f5 20. Bc7 Rd7 21. exf5 gxf5 22. Rhd1 Bb7 23. Nh4 Rxd5 24. Rxd5 Bxd5 25. Nxf5 Bxa2 26. Bf4 h5 27. Rc5 Bf6 28. Ne3 Bf7 29. Ra5 Be8 30. Bh6+ Kf7 31. Rc5 Bb5+ 32. Kf3 Kg6 33. Bf4 Rd8 34. h3 Rd2 35. g4 hxg4+ 36. hxg4 Bh4 37. Nf5 Rxf2+ 38. Ke3 Re2+ 39. Kf3 Rf2+ 40. Ke3 Re2+ 41. Kf3 Be1 42. Be3 e6 43. Nd4 Rb2 44. Nxe6 Be2+ 45. Ke4 Bxg4 46. Nf4+ Kf7 47. Nd3 Rb5 48. Rc7+ Ke6 49. Nxe1 Bf5+ 50. Kf3 Rb4 51. Rc6+ Kd5 52. Rxa6 Be4+ 53. Ke2 Rb2+ 54. Bd2 Rb3 55. Rxa7 Rh3 56. Bf4 Rb3 57. Ra5+ Kc4 58. Be5 Rb5 59. Ra4+ Rb4 60. Ra6 Kd5 61. Bc3 Rb3 62. Kd2 Kc5 63. Ra4 Bc6 64. Nd3+ Kd6 65. Rd4+ Kc7 66. Ba5+ Kb8 67. Bb4 Bb5 68. Nc5 Rh3 69. Rd6 Kc8 70. Ba5 Rh8 71. Bb6 Bc4 72. Kc3 Be2 73. Rd7 Bb5 74. Rd6 Kb8 75. Kb4 Be2 76. Rd7 Re8 77. Rc7 Bf3 78. Na6+ 1-0

[Event "Haarlemse Meesters 2019"]
[Site "Haarlem"]
[Date "2019.10.24"]
[Round "6.3"]
[White "De Ruiter, Danny"]
[Black "Gijswijt, Bart"]
[Result "1/2-1/2"]
[ECO "E04"]
[WhiteElo "2268"]
[BlackElo "2387"]
[Annotator "NA RC"]
[PlyCount "57"]
[EventDate "2019.10.19"]
[EventType "tourn"]
[EventCountry "NED"]
[SourceTitle "playchess.com"]
[Source "ChessBase"]
[SourceQuality "1"]
[TimeControl "40/5400+30:1800+30"]

1. d4 Nf6 2. c4 e6 3. Nf3 Bb4+ 4. Bd2 a5 5. g3 O-O 6. Bg2 d5 7. O-O dxc4 8. Bxb4 axb4 9. Ne5 $1 {[%emt 0:01:37] [#]} Nc6 $1 10. Nxc6 bxc6 11. e3 Nd5 12. Qc1 Ba6 13. Rd1 $11 Bb5 14. Bf1 Nb6 15. Nd2 Qd5 16. Bg2 Qd6 17. Bf1 Qd5 18. Bg2 Qd6 19. Bf1 c3 20. bxc3 Bxf1 21. Rxf1 bxc3 22. Qxc3 Ra3 23. Qc2 Rfa8 24. Rfc1 h6 25. Qxc6 Qxc6 26. Rxc6 Rxa2 27. Rxa2 Rxa2 28. Ne4 Ra7 29. Rc2 1/2-1/2

[Event "Haarlemse Meesters 2019"]
[Site "Haarlem"]
[Date "2019.10.24"]
[Round "6.5"]
[White "Lahaye, Rick"]
[Black "Tondivar, Babak"]
[Result "1/2-1/2"]
[ECO "A03"]
[WhiteElo "2414"]
[BlackElo "2324"]
[Annotator "NA"]
[PlyCount "69"]
[EventDate "2019.10.19"]
[EventType "tourn"]
[EventCountry "NED"]
[SourceTitle "playchess.com"]
[Source "ChessBase"]
[SourceQuality "1"]
[TimeControl "40/5400+30:1800+30"]

1. f4 d5 2. Nf3 g6 3. g3 Bg7 4. Bg2 Nh6 5. O-O Nf5 6. c3 c5 7. Qe1 Nc6 8. e3 O-O 9. d3 e5 10. fxe5 Nxe5 11. Nxe5 Bxe5 12. d4 cxd4 13. cxd4 Bg7 14. Nc3 Be6 15. Qd1 $15 Qd7 16. Qb3 Rad8 17. Bd2 Bh6 18. Ne2 Rfe8 19. Rae1 Nd6 20. Bxd5 Bxd5 21. Qxd5 Bxe3+ 22. Bxe3 Rxe3 23. Nc3 Nf5 24. Rxe3 Nxe3 25. Qxd7 Rxd7 26. Re1 Nc2 27. Re8+ Kg7 28. d5 Nb4 29. Ra8 Nxd5 30. Rxa7 Nxc3 31. bxc3 Rd2 32. Ra3 h5 33. h3 g5 34. Kf1 Kg6 35. Kg1 1/2-1/2

[Event "Haarlemse Meesters 2019"]
[Site "Haarlem"]
[Date "2019.10.25"]
[Round "7.2"]
[White "Tondivar, Babak"]
[Black "Lopez, Jasel"]
[Result "0-1"]
[ECO "A29"]
[WhiteElo "2324"]
[BlackElo "2409"]
[Annotator "NA"]
[PlyCount "74"]
[EventDate "2019.10.19"]
[EventType "tourn"]
[EventCountry "NED"]
[SourceTitle "playchess.com"]
[Source "ChessBase"]
[SourceQuality "1"]
[TimeControl "40/5400+30:1800+30"]

1. g3 e5 2. Bg2 Nf6 3. d3 d5 4. Nf3 Nc6 5. O-O Be7 6. c4 O-O 7. cxd5 $11 Nxd5 8. Nc3 Nb6 9. Be3 f5 10. Rc1 Be6 11. a3 f4 12. Bxb6 axb6 13. Nd2 Qd7 14. Nc4 Bh3 15. Ne4 Rf7 16. Re1 Raf8 17. b4 b5 18. Ncd2 Nd4 19. Nf3 Bxg2 20. Kxg2 Nxf3 21. exf3 fxg3 22. hxg3 Rxf3 23. Qxf3 Rxf3 24. Kxf3 Qxd3+ 25. Re3 Qd7 26. Rcc3 h5 27. Rcd3 Qf5+ 28. Kg2 g5 29. Rd5 h4 30. gxh4 gxh4 31. Rxb5 Bf8 32. f3 Bh6 33. Re1 h3+ 34. Kf2 Qf4 35. Rg1+ Kf7 36. Rg3 Qe3+ 37. Kf1 Qd3+ 0-1

[Event "Haarlemse Meesters 2019"]
[Site "Haarlem"]
[Date "2019.10.25"]
[Round "7.3"]
[White "Peelen, Piet"]
[Black "Moucheroud, Jeremy"]
[Result "0-1"]
[ECO "D35"]
[WhiteElo "2348"]
[BlackElo "2294"]
[Annotator "NA"]
[PlyCount "102"]
[EventDate "2019.10.19"]
[EventType "tourn"]
[EventCountry "NED"]
[SourceTitle "playchess.com"]
[Source "ChessBase"]
[SourceQuality "1"]
[TimeControl "40/5400+30:1800+30"]

1. d4 d5 2. c4 e6 3. Nc3 Nf6 4. cxd5 exd5 5. Bg5 c6 6. e3 Be7 7. Bd3 Nbd7 8. Nge2 h6 9. Bh4 Nh5 10. Bxe7 Qxe7 11. Qd2 Nb6 12. O-O O-O 13. Rae1 Bd7 14. f3 Qg5 15. Nc1 Rae8 16. Qf2 f5 17. f4 Qe7 18. Qc2 Nc8 19. g4 Nf6 20. Bxf5 Nxg4 21. Bg6 Rd8 22. e4 dxe4 23. Nxe4 Qh4 24. Qb3+ Kh8 25. Qg3 Qxg3+ 26. Nxg3 Be8 27. f5 Nf6 28. Nb3 Bxg6 29. fxg6 Rfe8 30. Nf5 Re4 31. Rxe4 Nxe4 32. Nc5 Nxc5 33. dxc5 Kg8 34. Re1 Kf8 35. Rf1 Kg8 36. b4 Rf8 37. h4 h5 38. Nd6 Nxd6 39. cxd6 Rxf1+ 40. Kxf1 Kf8 41. Ke2 Ke8 42. Ke3 Kd7 43. Kf4 Kxd6 44. a4 b6 45. Kg5 Ke5 46. Kxh5 Kf6 47. a5 bxa5 48. bxa5 c5 49. Kg4 Kxg6 50. a6 c4 51. Kf4 Kh5 0-1

[Event "Haarlemse Meesters 2019"]
[Site "Haarlem"]
[Date "2019.10.25"]
[Round "7.4"]
[White "Welling, Gerard"]
[Black "De Ruiter, Danny"]
[Result "1/2-1/2"]
[ECO "E14"]
[WhiteElo "2302"]
[BlackElo "2268"]
[Annotator "NA"]
[PlyCount "51"]
[EventDate "2019.10.19"]
[EventType "tourn"]
[EventCountry "NED"]
[SourceTitle "playchess.com"]
[Source "ChessBase"]
[SourceQuality "1"]
[TimeControl "40/5400+30:1800+30"]

1. b3 b6 2. Bb2 Bb7 3. e3 Nf6 4. Nf3 e6 5. c4 Be7 6. Be2 O-O 7. O-O c5 8. d4 d5 9. cxd5 Nxd5 10. Nc3 Nd7 11. Rc1 Rc8 12. Nxd5 Bxd5 13. dxc5 Nxc5 14. b4 Ne4 15. a3 Bf6 16. Rxc8 Qxc8 17. Bxf6 Nxf6 18. Qc1 Qb7 19. Qb2 Rc8 20. Rc1 Rc7 21. Rxc7 Qxc7 22. Nd2 h6 23. h3 Ne4 24. Nxe4 Bxe4 25. Qd2 Kh7 26. Bd3 1/2-1/2

[Event "Haarlemse Meesters 2019"]
[Site "Haarlem"]
[Date "2019.10.25"]
[Round "7.5"]
[White "De Strycker, Nathan"]
[Black "Hainke, Guntram"]
[Result "1-0"]
[ECO "A11"]
[WhiteElo "2302"]
[BlackElo "2365"]
[Annotator "NA"]
[PlyCount "75"]
[EventDate "2019.10.19"]
[EventType "tourn"]
[EventCountry "NED"]
[SourceTitle "playchess.com"]
[Source "ChessBase"]
[SourceQuality "1"]
[TimeControl "40/5400+30:1800+30"]

1. c4 c6 2. g3 d5 3. Nf3 Nf6 4. Bg2 Bg4 5. cxd5 Bxf3 6. Bxf3 cxd5 7. Nc3 e6 $11 8. d3 Nc6 9. O-O Be7 10. a3 Rc8 11. Bd2 O-O 12. b4 Qd7 13. Bg2 Rfd8 14. Ra2 d4 15. Ne4 Nd5 16. Qb3 h6 17. Nc5 Qc7 18. Rc1 b6 19. Na6 Qb7 20. Bxd5 Rxd5 21. b5 Ne5 22. Rxc8+ Qxc8 23. Rc2 Qd8 24. a4 h5 25. Bf4 g5 26. Bd2 h4 27. Qb1 Nd7 28. Qc1 Nc5 29. Nxc5 Bxc5 30. Bb4 Qd6 31. Bxc5 bxc5 32. a5 Re5 33. Rb2 hxg3 34. hxg3 c4 35. dxc4 Qa3 36. b6 axb6 37. axb6 d3 38. b7 1-0

[Event "Haarlemse Meesters 2019"]
[Site "Haarlem"]
[Date "2019.10.26"]
[Round "8.1"]
[White "De Ruiter, Danny"]
[Black "De Strycker, Nathan"]
[Result "1-0"]
[ECO "D20"]
[WhiteElo "2268"]
[BlackElo "2302"]
[Annotator "NA"]
[PlyCount "83"]
[EventDate "2019.10.19"]
[EventType "tourn"]
[EventCountry "NED"]
[SourceTitle "playchess.com"]
[Source "ChessBase"]
[SourceQuality "1"]
[TimeControl "40/5400+30:1800+30"]

1. d4 d5 2. c4 dxc4 3. e4 e5 4. Nf3 exd4 5. Bxc4 Nc6 6. O-O Be6 7. Bb5 Bc5 8. b4 Bb6 9. a4 a6 10. Bxc6+ bxc6 11. a5 Ba7 12. Bb2 Nf6 13. Nbd2 $11 O-O 14. Qc2 Re8 15. Rac1 Qb8 16. Ba3 Bd7 17. Rfe1 Qb5 18. Qc4 Ng4 19. Qxb5 axb5 20. Bb2 c5 21. bxc5 Bb8 22. c6 Be6 23. Ra1 Ba7 24. h3 Nf6 25. Bxd4 Red8 26. Bxa7 Rxa7 27. Reb1 Rb8 28. Rb4 Ra6 29. Nd4 Ne8 30. Rxb5 Rba8 31. e5 Kf8 32. Ne4 Bc4 33. Rc5 Bd3 34. Nc3 Rd8 35. Nd5 Raa8 36. Nb5 Bxb5 37. Rxb5 Ra6 38. Nb4 Raa8 39. a6 f6 40. exf6 gxf6 41. a7 Nd6 42. Rb7 1-0

[Event "Haarlemse Meesters 2019"]
[Site "Haarlem"]
[Date "2019.10.26"]
[Round "8.2"]
[White "Moucheroud, Jeremy"]
[Black "Tondivar, Babak"]
[Result "1/2-1/2"]
[ECO "C08"]
[WhiteElo "2294"]
[BlackElo "2324"]
[Annotator "NA"]
[PlyCount "52"]
[EventDate "2019.10.19"]
[EventType "tourn"]
[EventCountry "NED"]
[SourceTitle "playchess.com"]
[Source "ChessBase"]
[SourceQuality "1"]
[TimeControl "40/5400+30:1800+30"]

1. e4 e6 2. d4 d5 3. Nd2 c5 4. exd5 exd5 5. Ngf3 a6 6. Be2 Nf6 7. O-O Be7 8. dxc5 Bxc5 9. Nb3 Ba7 $14 10. Bg5 O-O 11. c3 Re8 12. Nfd4 h6 13. Bh4 Nc6 14. Re1 g5 15. Bg3 Ne4 16. Bh5 Rf8 17. Bf3 f5 18. Bxe4 fxe4 19. Qh5 Qf6 20. Rf1 Bd7 21. h4 Rae8 22. Nc2 Be6 23. Ne3 Bf7 24. Qg4 Be6 25. Qh5 Bf7 26. Qg4 Be6 1/2-1/2

[Event "Haarlemse Meesters 2019"]
[Site "Haarlem"]
[Date "2019.10.26"]
[Round "8.3"]
[White "Lahaye, Rick"]
[Black "Lopez, Jasel"]
[Result "0-1"]
[ECO "D02"]
[WhiteElo "2414"]
[BlackElo "2409"]
[Annotator "NA"]
[PlyCount "112"]
[EventDate "2019.10.19"]
[EventType "tourn"]
[EventCountry "NED"]
[SourceTitle "playchess.com"]
[Source "ChessBase"]
[SourceQuality "1"]
[TimeControl "40/5400+30:1800+30"]

1. d4 d5 2. Bf4 Nf6 3. e3 c5 4. c3 e6 5. Nd2 Bd6 6. Bg3 $11 Qc7 7. Ngf3 Nbd7 8. Bd3 O-O 9. O-O Bxg3 10. hxg3 e5 11. dxe5 Nxe5 12. Nxe5 Qxe5 13. Qa4 Bd7 14. Qf4 Qe7 15. Rad1 Bc6 16. Rfe1 Rfe8 17. g4 Rad8 18. f3 Rd6 19. Kf2 Nd7 20. Bc2 h6 21. Ne4 Re6 22. Ng3 Qg5 23. Qxg5 hxg5 24. Bb3 Re5 25. c4 dxc4 26. Bxc4 Nb6 27. b3 g6 28. e4 Nxc4 29. bxc4 b5 30. Nf1 b4 31. Ne3 a5 32. Rd6 R5e6 33. Red1 a4 34. Rxe6 Rxe6 35. a3 Re7 36. Ke2 Rb7 37. Ra1 Kg7 38. Kd3 Kf6 39. g3 Ke5 40. Nd5 Bxd5 41. cxd5 bxa3 42. Kc4 Rb3 43. f4+ gxf4 44. gxf4+ Kxf4 45. d6 Ke5 46. Rd1 Rb8 47. Kxc5 a2 48. d7 Rd8 49. Kc6 Ke6 50. Rd6+ Ke7 51. Rd1 g5 52. e5 a3 53. Ra1 Rxd7 54. Rxa2 Rd3 55. Rf2 Rg3 56. Kd5 Rxg4 0-1

[Event "Haarlemse Meesters 2019"]
[Site "Haarlem"]
[Date "2019.10.26"]
[Round "8.4"]
[White "Gijswijt, Bart"]
[Black "Welling, Gerard"]
[Result "1/2-1/2"]
[ECO "E11"]
[WhiteElo "2387"]
[BlackElo "2302"]
[Annotator "NA"]
[PlyCount "73"]
[EventDate "2019.10.19"]
[EventType "tourn"]
[EventCountry "NED"]
[SourceTitle "playchess.com"]
[Source "ChessBase"]
[SourceQuality "1"]
[TimeControl "40/5400+30:1800+30"]

1. d4 e6 2. c4 Nf6 3. Nf3 Bb4+ 4. Nbd2 O-O 5. a3 Be7 6. g3 $11 d5 7. Bg2 a5 8. b3 c5 9. cxd5 exd5 10. O-O Nc6 11. Bb2 Ne4 12. dxc5 Bxc5 13. e3 Qe7 14. Nd4 Bxd4 15. exd4 Nxd2 16. Qxd2 Be6 17. Rfe1 Qd7 18. Rac1 Bh3 19. Bf3 Bg4 20. Bh1 Rfe8 21. Qf4 Rxe1+ 22. Rxe1 Be6 23. h4 h6 24. Bf3 Rc8 25. g4 Qc7 26. Qd2 Qd7 27. g5 hxg5 28. hxg5 Bg4 29. Qf4 Bxf3 30. Qxf3 Re8 31. Rxe8+ Qxe8 32. Qxd5 Qe2 33. Bc3 Qg4+ 34. Kh2 Qh4+ 35. Kg2 Qg4+ 36. Kh2 Qh4+ 37. Kg2 1/2-1/2

[Event "Haarlemse Meesters 2019"]
[Site "Haarlem"]
[Date "2019.10.26"]
[Round "8.5"]
[White "Hainke, Guntram"]
[Black "Peelen, Piet"]
[Result "0-1"]
[ECO "E97"]
[WhiteElo "2365"]
[BlackElo "2348"]
[Annotator "NA"]
[PlyCount "146"]
[EventDate "2019.10.19"]
[EventType "tourn"]
[EventCountry "NED"]
[SourceTitle "playchess.com"]
[Source "ChessBase"]
[SourceQuality "1"]
[TimeControl "40/5400+30:1800+30"]

1. d4 Nf6 2. c4 g6 3. Nc3 Bg7 4. e4 d6 5. Be2 O-O 6. Nf3 $14 e5 7. O-O Nc6 8. d5 Ne7 9. b4 a5 10. bxa5 Rxa5 11. a4 c5 12. Nd2 Ne8 13. Nb3 Ra6 14. Be3 f5 15. f3 b6 16. Qc2 Nf6 17. Nb5 Nh5 18. Ra3 Nf4 19. Rfa1 Bh6 20. Kh1 fxe4 21. fxe4 Nxe2 22. Qxe2 Bxe3 23. Qxe3 Kg7 24. a5 Ng8 25. h3 Nf6 26. axb6 Rxa3 27. Rxa3 Qxb6 28. Nd2 Bd7 29. Qc3 Bxb5 30. Rb3 Qd8 31. cxb5 Ng4 32. b6 Qh4 33. Nf3 Nf2+ 34. Kg1 Qg3 35. Qe1 c4 36. Re3 Nxh3+ 37. Kf1 Qg4 38. Qb4 Nf4 39. Qd2 Rb8 40. Qb2 Kh6 41. Ne1 Qd1 42. Qf2 Qh5 43. Qb2 Qh1+ 44. Kf2 Qh4+ 45. Kf1 Qd8 46. g3 Nh5 47. Qc1 Kg7 48. Qxc4 Qxb6 49. Qc3 Nf6 50. Re2 Rf8 51. Nf3 Nd7 52. Kg2 Nc5 53. Rb2 Qa7 54. Rb4 Qa2+ 55. Rb2 Qa7 56. Rb4 h6 57. Rc4 Qa2+ 58. Nd2 Kh7 59. Rb4 Rf7 60. Rb2 Qa6 61. Qe3 Rb7 62. Rxb7+ Qxb7 63. Nc4 Qe7 64. Qe2 Kg7 65. Qg4 h5 66. Qf3 Qc7 67. Qe3 Nd7 68. Qb3 Nc5 69. Qf3 Nd7 70. Qb3 Nf6 71. Kf3 Qd7 72. Ne3 Qf7 73. Qb6 Nxd5+ 0-1

[Event "Haarlemse Meesters 2019"]
[Site "Haarlem"]
[Date "2019.10.27"]
[Round "9.1"]
[White "Lopez, Jasel"]
[Black "Moucheroud, Jeremy"]
[Result "1/2-1/2"]
[ECO "D63"]
[WhiteElo "2409"]
[BlackElo "2294"]
[Annotator "NA"]
[PlyCount "29"]
[EventDate "2019.10.19"]
[EventType "tourn"]
[EventCountry "NED"]
[SourceTitle "playchess.com"]
[Source "ChessBase"]
[SourceQuality "1"]
[TimeControl "40/5400+30:1800+30"]

1. d4 d5 2. Nf3 Nf6 3. c4 e6 4. Nc3 Be7 5. Bg5 O-O 6. e3 Nbd7 7. Rc1 h6 8. Bh4 c5 9. cxd5 Nxd5 10. Bxe7 Nxe7 11. Be2 cxd4 12. Nxd4 Nf6 13. O-O Bd7 14. Bf3 Qb6 $11 15. Qb3 1/2-1/2

[Event "Haarlemse Meesters 2019"]
[Site "Haarlem"]
[Date "2019.10.27"]
[Round "9.2"]
[White "Peelen, Piet"]
[Black "De Ruiter, Danny"]
[Result "1-0"]
[ECO "D30"]
[WhiteElo "2348"]
[BlackElo "2268"]
[Annotator "NA"]
[PlyCount "139"]
[EventDate "2019.10.19"]
[EventType "tourn"]
[EventCountry "NED"]
[SourceTitle "playchess.com"]
[Source "ChessBase"]
[SourceQuality "1"]
[TimeControl "40/5400+30:1800+30"]

1. d4 d5 2. c4 c6 3. Nf3 Nf6 4. e3 e6 5. Bd3 a6 6. b3 Bb4+ 7. Nbd2 Nbd7 8. O-O O-O $14 9. Bb2 Qe7 10. Qc2 h6 11. e4 dxe4 12. Nxe4 Nxe4 13. Bxe4 Ba3 14. Bc3 Bb4 15. Bb2 Ba3 16. Bc3 Bb4 17. c5 Bxc3 18. Qxc3 Rd8 19. Rfe1 Nf8 20. Rad1 Bd7 21. Ne5 Be8 22. b4 f6 23. Nc4 Bg6 24. Qg3 Bxe4 25. Rxe4 Rab8 26. h4 Qf7 27. Nd6 Qh5 28. Rde1 Rd7 29. a3 Rbd8 30. Qb3 Kh7 31. Qc2 Kg8 32. g3 Qd5 33. Qc3 Re7 34. Qf3 f5 35. R4e3 Qxf3 36. Rxf3 Red7 37. Rfe3 Rxd6 38. cxd6 Rxd6 39. Rd1 Nd7 40. Kf1 Kf7 41. Ke2 Nf6 42. Rb3 Ne4 43. Ke3 Rd5 44. Rdd3 Ke7 45. Rb2 Rd8 46. Rc2 Rd5 47. Rb3 Nf6 48. Rd3 Ng4+ 49. Ke2 Nf6 50. Rc5 Rd8 51. a4 Ne4 52. Re5 Nd6 53. Rde3 Ne4 54. f3 Nxg3+ 55. Kf2 f4 56. Rxe6+ Kf7 57. Re7+ Kf8 58. R3e5 b5 59. d5 Rxd5 60. Re8+ Kf7 61. Rxd5 cxd5 62. Re5 d4 63. axb5 axb5 64. Rd5 Ke6 65. Rxd4 Ke5 66. Rd7 Nf5 67. h5 Kf6 68. Rd5 Ke6 69. Rxb5 Nd6 70. Rc5 1-0